Map: 2000 Atmospheres LE

Players

IIIIIIIIII - Winner!

  • Race: Protoss Protoss
  • League: Master
  • Spawn Location: 7:00

Warthog

  • Race: Terran Terran
  • League: Master
  • Spawn Location: 3:00

VOD

Have the link to the VOD?

Description

Time

  • Played on: Jan. 11, 2022, 10:04 p.m.
  • Length: 6:13
Show
View Real Time Build Order
Export as new Build Order

IIIIIIIIII Protoss - Winner!

Build Orders:  

Get SALT Encoding   

  12  0:00  Probe  
  13  0:12  Probe  
  14  0:17  Pylon  
  14  0:24  Probe (Chrono Boost)  
  16  0:36  Probe (Chrono Boost)  
  16  0:37  Gateway  
  16  0:43  Probe (Chrono Boost)  
  16  0:46  Assimilator  
  17  0:51  Probe  
  17  0:55  Assimilator  
  18  1:03  Probe  
  19  1:07  Pylon  
  19  1:15  Probe  
  20  1:24  Cybernetics Core  
  20  1:29  Probe  
  21  1:41  Probe  
  22  1:53  Probe  
  23  2:01  Adept  
  23  2:05  Probe  
  23  2:07  Robotics Facility  
  25  2:09  Robotics Facility  
  25  2:15  Pylon  
  25  2:22  Warp Gate  
  25  2:52  Immortal (Chrono Boost)  
  25  2:54  Warp Prism (Chrono Boost)  
  31  3:06  Gateway  
  31  3:20  Immortal (Chrono Boost)  
  36  3:31  Observer (Chrono Boost)  
  36  3:32  Pylon  
  36  3:48  Pylon  
  36  3:56  Immortal  
  39  4:15  Observer  
  40  4:29  Twilight Council  
  40  4:35  Immortal  
  44  4:44  Immortal  
  48  5:06  Dark Shrine  
  48  5:31  Nexus  
  48  5:34  Pylon  
  52  6:10  Zealot x2  
Show
View Real Time Build Order
Export as new Build Order

Warthog Terran 

Build Orders:  

Get SALT Encoding   

  12  0:00  SCV  
  13  0:12  SCV  
  14  0:17  Supply Depot  
  14  0:25  SCV  
  15  0:39  SCV  
  15  0:41  Barracks  
  16  0:44  Refinery  
  16  0:51  SCV  
  17  1:03  SCV  
  18  1:15  SCV  
  19  1:27  Orbital Command  
  19  1:29  Marine  
  20  1:45  Command Center  
  20  1:49  Barracks Reactor  
  20  1:55  SCV  
  21  2:04  Supply Depot  
  21  2:07  SCV  
  22  2:17  Barracks  
  22  2:24  SCV  
  22  2:27  Marine x2  
  25  2:33  Bunker  
  25  2:36  SCV  
  25  2:47  Marine x2  
  25  2:48  Barracks  
  25  2:51  SCV  
  28  3:00  Orbital Command  
  27  3:06  Barracks Tech Lab  
  27  3:09  Engineering Bay  
  27  3:17  Marine x2  
  29  3:20  SCV  
  29  3:25  Stimpack, Marine  
  30  3:34  Marine x2  
  30  3:38  Marine  
  33  3:47  Supply Depot, Marine  
  33  3:48  Supply Depot  
  34  3:52  Marine  
  35  4:06  Marine x2  
  36  4:13  Marine  
  37  4:20  Marine  
  37  4:22  SCV  
  37  4:23  Marine  
  40  4:24  Supply Depot, Barracks Tech Lab  
  38  4:31  Marine  
  38  4:36  SCV  
  38  4:38  Marine  
  40  4:43  Marine  
  41  4:52  Marine x2  
  34  4:55  Marine  
  34  5:01  Marine  
  35  5:10  Marine x2  
  35  5:11  SCV  
  35  5:12  Barracks  
  35  5:13  Marine  
  39  5:19  Marine  
  35  5:30  Marine x2  
  35  5:31  Marine  
  35  5:34  Supply Depot  
  36  5:48  Marine x2  
  35  6:10  Barracks  
Tags
 
Add a new tag
Caveats
  • Supply blocks, unpowered buildings, or Contaminate may cause inaccurate times.
  • Supply counts are checked every 10 seconds.